 Dungeon Crawl Stone Soup version 0.31.0-9-g3a7656b989 (webtiles) character file.

Game seed: 1144556180093597819

667 qw the Ducker (level 7, -5/35 HPs)
             Began as a Spriggan Hunter on Feb 2, 2024.
             Killed by nerve-wracking pain
             ... invoked by Grinder
              (13 damage)
             ... on level 5 of the Dungeon.
             The game lasted 00:00:13 (3381 turns).

qw the Ducker (Spriggan Hunter)                     Turns: 3381, Time: 00:00:14

Health: -5/35      AC:  2    Str:  7    XL:     7   Next: 31%
Magic:  8/8        EV: 22    Int: 11    God:
Gold:   153        SH:  5    Dex: 20    Spells: 6/6 levels left

rFire   + . .        a - +0 shortbow (freeze)
rCold   + . .        (shield currently unavailable)
rNeg    . . .        b - +0 robe {rC+}
rPois   .            (helmet restricted)
rElec   .            (no cloak)
rCorr   .            (gloves unavailable)
SInv    +            (boots unavailable)
Will    +....        h - amulet of reflection
Stlth   ++           i - ring of protection from fire
HPRegen 0.25/turn    (no ring)
MPRegen 0.11/turn

%: reflection
@: very quick
A: very small, no large weapons, unfitting armour, see invisible, speed 3
a: no special abilities


You were on level 5 of the Dungeon.
You visited 2 branches of the dungeon, and saw 6 of its levels.

You collected 153 gold pieces.


Innate Abilities, Weirdness & Mutations

You are very small and have problems with some larger weapons.
You are too small for most types of armour.
You have supernaturally acute eyesight. (SInv)
You cover ground extremely quickly. (Speed+++)


   Skills:
 - Level 2.1 Fighting
 + Level 7.1 Ranged Weapons
 - Level 7.2 Dodging
 - Level 1.5 Stealth


You had 6 spell levels left.
You didn't know any spells.
Your spell library was empty.

Inventory:

Hand Weapons
 a - a +0 shortbow of freezing (weapon)
Armour
 b - a +0 robe of cold resistance (worn)
Jewellery
 h - an amulet of reflection (around neck)
 i - a ring of protection from fire (left hand)
Wands
 l - a wand of mindburst (4)
Potions
 f - 2 potions of curing
 m - 3 potions of might
 o - a potion of enlightenment

Dungeon Overview and Level Annotations

Branches:
Dungeon (5/15)             Temple (1/1) D:4

Altars:
Ashenzari
Cheibriados
Dithmenos
Elyvilon
Fedhas
Gozag
Hepliaklqana
Makhleb
Nemelex Xobeh
Qazlal
Ru
Trog
Uskayaw
Vehumet
Wu Jian
Yredelemnul
The Shining One

Annotations:
D:5 Grinder


Message History

Your Dodging skill increases to level 7!
You shoot an arrow. The arrow hits the orc!
The arrow freezes the orc.
You kill the orc!
Your surroundings suddenly seem different.
A howler monkey and 2 gnolls come into view.
Found a scroll of identify.
The gnoll shouts!
The howler monkey howls!
You shoot an arrow.
The arrow hits the gnoll but does no damage.
You hear a shout!
A gnoll comes into view. It is wielding a +0 halberd.
You hear a shout!
3376 ||| RETREEEEATING.
Grinder comes into view.
Grinder shouts!
You hear a shout! x2
You shoot an arrow. The arrow hits the gnoll.
The arrow freezes the gnoll.
The gnoll is heavily wounded.
You hear a bark!
An orc comes into view. It is wielding a +0 short sword.
You shoot an arrow.
The arrow hits the gnoll but does no damage.
The gnoll is heavily wounded.
The gnoll completely misses you. Grinder gestures at you.
You resist with significant effort.
You shoot an arrow.
The arrow hits the gnoll but does no damage.
The gnoll is heavily wounded.
You block the gnoll's attack.
You shoot an arrow. The arrow hits the gnoll!
The arrow freezes the gnoll.
You kill the gnoll!
A gnoll bouda comes into view. It is wielding a +0 club.
You shoot an arrow. The arrow hits the howler monkey.
The arrow freezes the howler monkey.
The howler monkey is moderately wounded.
The howler monkey closely misses you. Grinder gestures at you.
Pain shoots through your body!
You die...
Grinder sighs, "Dead already?
I want a refund."

....# #..).##
.......
###)..##.#
...).....=
###!..####.#
...# #...
####
####..##### #
.....ggh@.# #
.....g###...#
# ..... ##5#
# .... o# #
... .. # ..
#. ## . .# .#


You could see Grinder, a gnoll bouda, a howler monkey, 2 gnolls and an orc.

Vanquished Creatures
  A water moccasin (D:5)
  A black bear (D:4)
  2 scorpions
  A bombardier beetle (D:4)
  3 jellies
  Jessica (D:3)
  Terence (D:3)
  An orc wizard (D:5)
  2 gnolls
  4 adders
  6 dart slugs
  A ribbon worm (D:2)
  9 orcs
  7 ball pythons
  8 endoplasms
  5 giant cockroaches
  6 goblins
  6 hobgoblins
  4 jackals (D:4)
  2 quokkas
  A bat (D:3)
  A frilled lizard (D:1)
  5 kobolds
  4 rats
82 creatures vanquished.

Notes
Turn   | Place    | Note
-------+----------+-------------------------------------------
     0 | D:1      | qw the Spriggan Hunter began the quest for the Orb.
     0 | D:1      | Reached XP level 1. HP: 10/10 MP: 2/2
     0 | D:1      | 0 ||| qw: Version: 0.3-a-155-g5e7d8dd
     0 | D:1      | 0 ||| qw: Game counter: 1304
     0 | D:1      | 0 ||| qw: Melee chars always use a shield: true
     0 | D:1      | 0 ||| qw: God list: Okawaru
     0 | D:1      | 0 ||| qw: Allow faded altars: false
     0 | D:1      | 0 ||| qw: Do Orc after clearing Dungeon:15 true
     0 | D:1      | 0 ||| qw: Do second Lair branch before Depths: true
     0 | D:1      | 0 ||| qw: Lair rune preference: random
     0 | D:1      | 0 ||| qw: Goals: Normal
     0 | D:1      | 0 ||| PLANNING D:1-11
    35 | D:1      | Reached skill level 3 in Dodging
   112 | D:1      | Reached XP level 2. HP: 14/14 MP: 3/3
   347 | D:1      | Reached XP level 3. HP: 18/18 MP: 4/4
   697 | D:1      | 697 ||| UPGRADING to amulet of reflection.
   702 | D:1      | 702 ||| READING scroll labelled YHEWNA ZEORAE.
   702 | D:1      | 702 ||| BRANDING +0 shortbow.
   703 | D:1      | 703 ||| READING scroll labelled ASAEKH KAEGE.
   704 | D:1      | 704 ||| READING scroll labelled TUIPSILAHO.
   704 | D:1      | 704 ||| ENCHANTING +0 shortbow of freezing.
   705 | D:1      | 705 ||| READING scroll labelled QOETIF NAKEI.
   705 | D:1      | 705 ||| IDENTIFYING blue potion
   706 | D:1      | 706 ||| READING scroll labelled WUGGIL LODUOVU.
   707 | D:1      | 707 ||| DRINKING 2 silvery potions.
   708 | D:1      | 708 ||| DROPPING scroll of butterflies.
   718 | D:2      | 718 ||| STAIRDANCE
   937 | D:2      | Reached XP level 4. HP: 22/22 MP: 5/5
  1334 | D:2      | 1334 ||| UPGRADING to +0 robe of cold resistance.
  1344 | D:2      | 1344 ||| DROPPING +0 robe.
  1345 | D:2      | 1345 ||| READING 2 scrolls of identify.
  1345 | D:2      | 1345 ||| IDENTIFYING green potion
  1346 | D:2      | 1346 ||| READING scroll of identify.
  1346 | D:2      | 1346 ||| IDENTIFYING glowing green potion
  1347 | D:2      | 1347 ||| READING scroll labelled METUJU ITYDD.
  1348 | D:2      | 1348 ||| READING scroll labelled NUCYTI QUSKUAN.
  1349 | D:2      | 1349 ||| DROPPING potion of magic.
  1369 | D:3      | Noticed Jessica
  1371 | D:3      | 1371 ||| ZAPPING wand of mindburst (14) at 6,3 (Jessica;
                  | floor).
  1372 | D:3      | 1372 ||| ZAPPING wand of mindburst (13) at 5,2 (Jessica;
                  | floor).
  1373 | D:3      | 1373 ||| ZAPPING wand of mindburst (12) at 3,1 (Jessica;
                  | floor).
  1373 | D:3      | Killed Jessica
  1380 | D:3      | Identified the +10 mace "Baunyug" {freeze, rCorr Str+6
                  | Dex-4 Stlth+}
  1589 | D:3      | Identified the +1 leather armour of Circular Logic {rF+
                  | Will+ Int+2}
  1592 | D:3      | Noticed Terence
  1599 | D:3      | HP: 2/23 [Terence/+1 hand axe of electrocution (8)]
  1600 | D:3      | 1600 ||| DRINKING potion of heal wounds.
  1605 | D:3      | Killed Terence
  1727 | D:3      | Reached XP level 5. HP: 26/26 MP: 6/6
  1965 | D:3      | Found an opulent altar of Gozag.
  2233 | D:3      | Found a snail-covered altar of Cheibriados.
  2395 | D:3      | 2395 ||| UPGRADING to ring of protection from fire.
  2396 | D:3      | 2396 ||| READING scroll of identify.
  2396 | D:3      | 2396 ||| IDENTIFYING metallic purple potion
  2397 | D:3      | 2397 ||| READING scroll labelled UMINIG WISAL.
  2398 | D:3      | 2398 ||| READING scroll labelled ZAV WOSAFUVE.
  2399 | D:3      | 2399 ||| READING scroll labelled WUDOJE JUEMUS.
  2500 | D:3      | 2500 ||| READING scroll labelled YLOVOR TYLIE.
  2503 | D:3      | 2503 ||| DROPPING potion of attraction.
  2702 | D:4      | Found a staircase to the Ecumenical Temple.
  2703 | D:4      | 2703 ||| PLANNING TEMPLE
  2712 | D:4      | Reached skill level 6 in Ranged Weapons
  2712 | D:4      | Reached XP level 6. HP: 30/30 MP: 7/7
  2719 | Temple   | Entered the Ecumenical Temple
  2720 | Temple   | 2720 ||| PLANNING D:1-11
  2809 | D:4      | Noticed a +0 falchion
  2809 | D:4      | Noticed a +0 short sword
  2820 | D:4      | Found a hide-covered altar of Uskayaw.
  2820 | D:4      | Noticed a +0 spear
  2821 | D:4      | Noticed a +0 dagger
  2821 | D:4      | Noticed a +0 dagger
  2823 | D:4      | Noticed a +0 spear
  2823 | D:4      | Noticed a +0 falchion
  2823 | D:4      | Noticed a +0 short sword
  2825 | D:4      | 2825 ||| DRINKING 2 amethyst potions.
  2826 | D:4      | 2826 ||| DROPPING potion of invisibility.
  2942 | D:4      | 2942 ||| ZAPPING wand of mindburst (11) at -2,-1 (black
                  | bear; floor).
  2943 | D:4      | 2943 ||| ZAPPING wand of mindburst (10) at -1,0 (black
                  | bear; floor).
  2944 | D:4      | 2944 ||| ZAPPING wand of mindburst (9) at -1,0 (black bear;
                  | floor).
  2945 | D:4      | Reached skill level 6 in Dodging
  3251 | D:4      | 3251 ||| DROPPING ring of wizardry.
  3252 | D:4      | 3252 ||| DRINKING 2 metallic red potions.
  3292 | D:5      | Entered Level 5 of the Dungeon
  3353 | D:5      | Noticed a water moccasin
  3354 | D:5      | 3354 ||| ZAPPING wand of mindburst (8) at 7,0 (water
                  | moccasin; floor).
  3355 | D:5      | 3355 ||| ZAPPING wand of mindburst (7) at 6,0 (water
                  | moccasin; floor).
  3356 | D:5      | 3356 ||| ZAPPING wand of mindburst (6) at 4,0 (water
                  | moccasin; floor).
  3357 | D:5      | 3357 ||| ZAPPING wand of mindburst (5) at 3,0 (water
                  | moccasin; floor).
  3357 | D:5      | Killed a water moccasin
  3358 | D:5      | Reached XP level 7. HP: 26/35 MP: 8/8
  3371 | D:5      | HP: 5/35 [scorpion (7)]
  3372 | D:5      | 3372 ||| READING scroll of teleportation.
  3376 | D:5      | 3376 ||| RETREEEEATING.
  3376 | D:5      | Noticed Grinder
  3381 | D:5      | Killed from afar by Grinder

Levels and vault maps discovered:
D:1:      psy_arrival_dodecagon, layout_basic
D:2:      layout_loops_ring
D:3:      layout_basic, nicolae_gozag_cash_rules_everything_around_me,
          mainiacjoe_overflow_alcove_1, uniq_terence, uniq_jessica
D:4:      layout_loops_ring, nicolae_uskayaw_en_pointe, minmay_temple_entry_grid
D:5:      layout_basic, uniq_sigmund, uniq_eustachio, uniq_grinder
Temple:   zaba_magenta_temple

Skill      XL: |  1  2  3  4  5  6  7 |
---------------+----------------------+-----
Dodging        | 3 4 5 6 7 |  7.2
Ranged Weapons | 5 6 7 |  7.1
Fighting       | 2 |  2.1
Stealth        | |  1.5

Action                     |  1- 3 |  4- 6 |  7- 9 || total
---------------------------+-------+-------+-------++-------
   Fire: Shortbow          |    81 |   111 |    22 ||   214
  Evoke: Wand              |       |    10 |       ||    10
    Use: Scroll            |     5 |     9 |     1 ||    15
         Potion            |     1 |     3 |       ||     4
 Armour: Robe              |    10 |    10 |     5 ||    25
  Dodge: Dodged            |    16 |    12 |    19 ||    47
  Block: Other             |     2 |     8 |     4 ||    14
         Reflection        |       |     1 |       ||     1

Table legend:
 A = Non-vault XP
 B = Vault XP
 C = Vault XP percentage of total XP
 D = Non-vault monster count
 E = Vault monster count
 F = Vault count percentage of total count
                 A         B        C        D         E       F
            +---------+---------+-------+---------+---------+-------
      Total |     880 |      73 |   7.7 |      80 |       2 |   2.4
            +---------+---------+-------+---------+---------+-------
        D:1 |      70 |       0 |   0.0 |      27 |       0 |   0.0
        D:2 |      44 |       0 |   0.0 |      11 |       0 |   0.0
        D:3 |      35 |      73 |  67.6 |      11 |       2 |  15.4
        D:4 |     383 |       0 |   0.0 |      22 |       0 |   0.0
        D:5 |     348 |       0 |   0.0 |       9 |       0 |   0.0
            +---------+---------+-------+---------+---------+-------
